AoeStats
← 从不压堡之人

Arena

509048136Analyzed
4v4 RM · 7d ago on Sep 25, 2026· 35m 33s· 8 players
Game mode
Random Map
Map size
Large (8 player)
Population
200
Speed
Normal
Resources
Standard
Victory
Conquest
Starting age
Dark Age
Ending age
Imperial Age
RankedLock teamsTeams togetherTeam positionsShared explorationLock speedFull tech treeHidden civsTurbo modeCheats
Victory
Defeat
🇨🇳 Varangians · China
1312
+13
🇵🇹 Goths · Portugal
1309
+13
🇭🇰 Saxons · Hong Kong SAR China
1294
+14
🇨🇳 Hindustanis · China
1293
+14
🇨🇳 Khmer · China
1422
-20
🇨🇳 Saxons · China
1279
-14
1207
-12
🇨🇳 Spanish · China
1094
-8
胖过
10:04 Feudal Age
13:41 Castle Age
12:03 Double-Bit Axe
12:33 Horse Collar
14:58 Bow Saw
19:14 Stone Mining
20:41 Wheelbarrow
21:12 Gold Mining
22:32 Stone Shaft Mining
22:17 Heavy Plow
23:19 Gold Shaft Mining
23:58 Loom
28:23 Imperial Age
26:12 Scale Barding Armor
26:17 Forging
26:39 Grand Trunk Road
27:35 Husbandry
27:45 Bloodlines
29:25 Ballistics
30:07 Heavy Camel Rider
32:06 Chain Barding Armor
32:22 Iron Casting
34:52 Chemistry
34:04 Masonry
34:58 Conscription
DKing
4:09 Loom
11:11 Feudal Age
12:25 Double-Bit Axe
14:57 Castle Age
14:37 Horse Collar
16:39 Bow Saw
16:59 Heavy Plow
23:46 Fervor
24:34 Wheelbarrow
26:14 Hand Cart
27:32 Gold Mining
31:05 Imperial Age
28:43 Scale Mail Armor
28:53 Forging
29:51 Chain Mail Armor
30:57 Iron Casting
29:57 Pikeman
30:37 Squires
29:58 Man-at-Arms
31:01 Anarchy
31:07 Elite Huskarl
34:47 Long Swordsman
36:50 Two-Man Saw
36:51 Blast Furnace
Aker Starlight
5:12 Loom
9:43 Feudal Age
10:20 Double-Bit Axe
15:46 Castle Age
14:23 Horse Collar
14:55 Stone Mining
16:49 Wheelbarrow
22:34 Bow Saw
25:40 Fletching
27:33 Bodkin Arrow
27:59 Heavy Plow
33:39 Imperial Age
31:33 Scale Mail Armor
31:41 Elite Skirmisher
32:34 Padded Archer Armor
33:15 Gold Mining
Faker
11:13 Feudal Age
15:22 Castle Age
16:17 Double-Bit Axe
16:14 Horse Collar
17:10 Bow Saw
16:56 Loom
17:29 Heavy Plow
20:19 Gold Mining
21:07 Stone Mining
22:30 Town Watch
23:26 Wheelbarrow
22:40 Town Watch
26:23 Hand Cart
27:32 Masonry
30:10 Imperial Age
28:23 Forging
28:08 Treadmill Crane
28:40 Scale Barding Armor
29:27 Stone Shaft Mining
29:55 Iron Casting
29:23 Husbandry
30:09 Ballistics
30:31 Bloodlines
33:05 Two-Man Saw
32:36 Crop Rotation
32:58 Architecture
32:53 Conscription
33:13 Chain Barding Armor
33:53 Blast Furnace
34:00 Conscription
33:03 Elite Jarl
34:16 Conscription
从不压堡之人
11:03 Feudal Age
15:17 Castle Age
13:38 Double-Bit Axe
13:33 Horse Collar
16:13 Bow Saw
18:10 Wheelbarrow
25:54 Fletching
29:27 Imperial Age
28:21 Ballistics
27:57 Bodkin Arrow
27:57 Loom
29:12 Town Watch
30:26 Bracer
31:27 Chemistry
32:08 Caravan
32:43 Stone Mining
32:43 Gold Mining
33:03 Inquisition
34:37 Guilds
34:52 Redemption
35:44 Two-Man Saw
35:24 Arrowslits
35:30 Guard Tower
kirk
10:42 Feudal Age
11:14 Feudal Age
11:55 Double-Bit Axe
12:19 Horse Collar
14:48 Castle Age
16:02 Bow Saw
15:54 Heavy Plow
17:34 Wheelbarrow
24:30 Gold Mining
24:34 Stone Mining
26:00 Gold Shaft Mining
26:02 Loom
26:02 Town Watch
29:31 Imperial Age
27:32 Forging
27:23 Scale Mail Armor
28:25 Hand Cart
28:12 Town Patrol
28:32 Fletching
29:18 Iron Casting
29:13 Chain Mail Armor
28:56 Arson
29:11 Squires
28:57 Gambesons
29:48 Elite Varangian Guard
30:41 Bodkin Arrow
31:00 Elite Hearth Troop
31:05 Shield Wall
32:08 Conscription
32:31 Plate Mail Armor
32:44 Crop Rotation
34:08 Bracer
叫声乌鸦哥
9:44 Feudal Age
12:49 Castle Age
11:14 Double-Bit Axe
11:26 Horse Collar
13:30 Heavy Plow
19:59 Wheelbarrow
21:01 Bow Saw
22:05 Loom
22:13 Gold Mining
25:45 Imperial Age
24:00 Hand Cart
23:47 Town Watch
25:31 Gold Shaft Mining
25:47 Stone Mining
26:05 Scale Barding Armor
26:10 Husbandry
26:20 Bloodlines
27:16 Chain Barding Armor
27:19 Conscription
27:58 Ballistics
28:26 Stone Shaft Mining
28:09 Double Crossbow
28:29 Heavy Scorpion
30:59 Chemistry
30:56 Siege Engineers
32:26 Plate Barding Armor
33:02 Masonry
34:08 Forging
35:52 Architecture
34:45 Elite Ballista Elephant
B站胡某怎么还在种田
10:59 Feudal Age
11:59 Double-Bit Axe
12:13 Horse Collar
14:50 Castle Age
14:31 Wheelbarrow
16:00 Bow Saw
15:52 Heavy Plow
22:04 Gold Mining
22:44 Hand Cart
22:53 Stone Mining
25:21 Loom
26:17 Gold Shaft Mining
28:50 Imperial Age
26:25 Treadmill Crane
26:42 Town Watch
28:18 Fletching
28:28 Padded Archer Armor
28:38 Forging
28:28 Scale Mail Armor
28:33 Caravan
29:33 Ballistics
28:35 Pikeman
29:15 Squires
29:01 Arson
29:20 Bodkin Arrow
29:22 Murder Holes
30:57 Two-Man Saw
31:17 Chemistry
30:51 Bracer
31:07 Leather Archer Armor
31:06 Halberdier
32:02 Chain Mail Armor
32:22 Iron Casting
32:20 Ring Archer Armor
32:23 Siege Engineers
32:28 Masonry
32:40 Masonry
32:55 Conscription
33:01 Warwolf
32:38 Man-at-Arms
33:04 Gambesons
33:19 Elite Longbowman
34:19 Yeomen
35:02 Blast Furnace
34:32 Plate Mail Armor
Connection lost

Rejoining the realm…

Still unreachable

The connection could not be restored.

Session expired

The server has moved on; the page needs a fresh start.